 Dungeon Crawl Stone Soup version 0.26.1-16-g4e020e15dc (webtiles) character file.

Game seed: 6628416671133795049

382 Mickster the Chopper (level 6, 0/53 HPs)
             Began as a Hill Orc Berserker on Mar 6, 2023.
             Was a Priest of Trog.
             Succumbed to a worker ant's poison
             ... on level 5 of the Dungeon.
             The game lasted 00:27:00 (2533 turns).

Mickster the Chopper (Hill Orc Berserker)           Turns: 2533, Time: 00:27:01

Health: 0/53       AC: 10    Str: 21    XL:     6   Next: 76%
Magic:  6/6        EV:  8    Int:  7    God:    Trog [***...]
Gold:   201        SH:  3    Dex: 11    Spells: 5/5 levels left

rFire    . . .     SeeInvis .   a - +0 hand axe
rCold    . . .     Faith    .   n - +0 buckler
rNeg     . . .     Spirit   .   e - +0 chain mail
rPois    .         Reflect  .   (no helmet)
rElec    .         Harm     .   (no cloak)
rCorr    .         Rampage  .   (no gloves)
Will     .....                  o - +0 pair of boots
Stlth    ..........             (no amulet)
HPRegen  0.17/turn              (no ring)
MPRegen  0.10/turn              (no ring)

@: lethally poisoned (0 -> -19)
A: no striking features
a: Renounce Religion, Berserk, Trog's Hand


You were on level 5 of the Dungeon.
You worshipped Trog.
Trog was most pleased with you.
You visited 1 branch of the dungeon, and saw 5 of its levels.

You collected 201 gold pieces.

Inventory:

Hand Weapons
 a - a +0 hand axe (weapon)
 i - a +0 hunting sling of flaming
 l - a +0 long sword
 q - a +0 dagger of venom
 r - a +0 battleaxe
Missiles
 c - 129 stones
 d - 4 javelins (quivered)
 g - 51 arrows
 k - 2 boomerangs
 p - 11 poisoned darts
 s - a throwing net
Armour
 b - a +0 animal skin
 e - a +0 chain mail (worn)
 n - a +0 buckler (worn)
 o - a +0 pair of boots (worn)
Scrolls
 f - a scroll of immolation
 h - 2 scrolls of identify
 m - a scroll of remove curse
 t - a scroll of teleportation {unknown}
Potions
 j - a potion of curing


   Skills:
 + Level 4.6 Fighting
 + Level 1.2 Short Blades
 + Level 7.0 Axes
 + Level 0.8 Throwing
 + Level 4.2 Armour
 + Level 2.0 Dodging
 + Level 0.1 Stealth
 + Level 1.0 Shields


You had 5 spell levels left.
You didn't know any spells.
Your spell library was empty.

Dungeon Overview and Level Annotations

Branches:
Dungeon (4/15)
 Temple: D:4-7

Altars:
Ashenzari
Kikubaaqudgha
Makhleb
Nemelex Xobeh
Uskayaw


Message History

You hit the worker ant but do no damage.
The worker ant is moderately wounded.
* * * LOW HITPOINT WARNING * * *
You feel sick. The worker ant bites you.
* * * LOW HITPOINT WARNING * * *
You are more poisoned.
The worker ant poisons you!
You hit the worker ant but do no damage.
The worker ant is moderately wounded.
* * * LOW HITPOINT WARNING * * *
You feel sick. The worker ant bites you.
* * * LOW HITPOINT WARNING * * *
You barely miss the worker ant.
The worker ant is moderately wounded.
* * * LOW HITPOINT WARNING * * *
You feel sick. The worker ant bites you.
* * * LOW HITPOINT WARNING * * *
You hit the worker ant.
The worker ant is moderately wounded.
You die...

#...###.. #.........#.. ..
......#.. .. .....#..
#≈#......... ..# #≈#.##.##..#
#.# # #≈#.##.##..###.### ##
#≈#..........#...+ #.
#.......†..@.#...# #.
#......##..B##...# .
#.....##...##..## .
#.††..##.......###########+
...##.....##...##..##..........
...^...........##.)##.........#
................'..÷.........<#
.................#..#†.........#
##..###...###.####..##..##+##..#


You could see a worker ant.

Vanquished Creatures
  A vampire bat (D:5)
  2 howler monkeys
  A hound (D:5)
  A worker ant (D:5)
  A howler monkey skeleton (D:5)
  7 adders
  3 gnolls (D:5)
  An ooze (D:1)
  A worm (D:3)
  4 dart slugs
  2 leopard geckos
  8 orcs (D:3)
  3 bats
  2 bat skeletons (D:5)
  3 bat zombies (D:5)
  12 giant cockroaches
  6 hobgoblins
  5 jackals (D:1)
  2 quokkas
  A ball python (D:5)
  2 frilled lizards (D:2)
  9 goblins
  12 kobolds
  A rat (D:1)
90 creatures vanquished.

Vanquished Creatures (others)
  12 plants (D:1)
12 creatures vanquished.

Grand Total: 102 creatures vanquished

Notes
Turn   | Place    | Note
-------+----------+-------------------------------------------
     0 | D:1      | Mickster the Hill Orc Berserker began the quest for the
                  | Orb.
     0 | D:1      | Reached XP level 1. HP: 19/19 MP: 1/1
    79 | D:1      | Reached XP level 2. HP: 17/27 MP: 2/2
   630 | D:1      | Reached XP level 3. HP: 32/33 MP: 3/3
   636 | D:1      | Reached ** piety under Trog
   897 | D:2      | Reached skill level 5 in Axes
   912 | D:2      | Reached XP level 4. HP: 35/40 MP: 4/4
  1443 | D:2      | Found a hide-covered altar of Uskayaw.
  1511 | D:3      | Reached skill level 6 in Axes
  1520 | D:3      | Reached XP level 5. HP: 47/47 MP: 5/5
  1619 | D:3      | Reached *** piety under Trog
  1735 | D:3      | Found a sparkling altar of Nemelex Xobeh.
  1742 | D:3      | Found a burning altar of Makhleb.
  1754 | D:3      | Found a broken altar of Ashenzari.
  2066 | D:4      | You fall into a shaft and drop 1 floor!
  2066 | D:5      | Entered Level 5 of the Dungeon
  2109 | D:5      | Found an ancient bone altar of Kikubaaqudgha.
  2218 | D:5      | Reached XP level 6. HP: 44/53 MP: 6/6
  2295 | D:5      | Reached skill level 7 in Axes
  2303 | D:5      | Reached skill level 1 in Short Blades
  2399 | D:5      | Reached skill level 1 in Shields
  2532 | D:5      | HP: 2/53 [worker ant (3)]
  2533 | D:5      | Succumbed to a worker ant's poison

Illustrated notes

Levels and vault maps discovered:
D:1:      minmay_arrival_four_houses, layout_loops_ring, serial_bayou,
          serial_bayou_lagoon_b, serial_bayou_shore_b, serial_bayou_pond_c,
          serial_bayou_pond_b, corexii_leaking_fountain
D:2:      minmay_roachtagon, layout_rooms, general_overflow_altar
D:3:      layout_rooms, minitemple
D:4:      layout_layer_cave, lemuel_round_altar, temple_pool_b, serial_shops,
          shop_scrolls, uniq_natasha
D:5:      layout_gridville, lemuel_round_altar, kennysheep_vampire_church,
          grunt_gozag_statues, portal_sewer_entry_d

Skill      XL: |  1  2  3  4  5  6 |
---------------+-------------------+-----
Fighting       | 4 |  4.6
Axes           | 5 6 7 |  7.0
Armour         | 3 4 |  4.2
Dodging        | 2 |  2.0
Short Blades   | 1 |  1.2
Shields        | 1 |  1.0
Throwing       | |  0.8
Stealth        | |  0.1

Action                   |  1- 3 |  4- 6 || total
-------------------------+-------+-------++-------
Melee: Hand axe          |    95 |   158 ||   253
       Dagger            |       |   108 ||   108
Throw: Javelin           |       |     6 ||     6
  Use: Potion            |     1 |     4 ||     5
       Scroll            |       |     3 ||     3
Armor: Animal skin       |    10 |       ||    10
       Chain mail        |    28 |   297 ||   325
Dodge: Dodged            |    83 |   167 ||   250
Block: Buckler           |       |    49 ||    49
